 Dungeon Crawl Stone Soup version 0.26-a0-64-g059e62fbdb (webtiles) character file.

Game seed: 6793373521045485122

2122 Apogee the Reanimator (level 9, -1/68 HPs)
             Began as a Mummy Necromancer on June 10, 2020.
             Was an Initiate of Gozag.
             Slain by a swamp worm (8 damage)
             ... on level 7 of the Dungeon.
             The game lasted 00:30:45 (10113 turns).

Apogee the Reanimator (Mummy Necromancer)          Turns: 10113, Time: 00:30:46

Health: -1/68      AC:  9    Str: 11    XL:     9   Next: 8%
Magic:  19/20      EV: 11    Int: 24    God:    Gozag
Gold:   475        SH:  6    Dex: 12    Spells: 7/23 levels left

rFire    . . .     SeeInvis .   q - +2 flail (protect)
rCold    + + +     Gourm    .   i - +1 buckler
rNeg     + + +     Faith    .   s - +3 leather armour of Birdsong {rC+ MR- Stlth+}
rPois    ∞         Spirit   .   m - +2 helmet
rElec    +         Reflect  .   (no cloak)
rCorr    +         Harm     .   (no gloves)
MR       .....                  (no boots)
Stlth    +++.......             u - amulet of magic regeneration (curse)
HPRegen  0.21/turn              f - +6 ring of intelligence
MPRegen  0.42/turn              d - ring of wizardry

@: resistant, flying
A: no food or potions, fire vulnerability, cold resistance 1, negative energy
resistance 3, torment resistance, unbreathing
a: Potion Petition, Call Merchant, Bribe Branch, Renounce Religion


You were on level 7 of the Dungeon.
You worshipped Gozag.
Gozag was aware of your devotion.
You were not hungry.

You visited 1 branch of the dungeon, and saw 7 of its levels.
You also visited: Sewer.

You collected 621 gold pieces.
You paid 146 gold pieces to Gozag.

Inventory:

Hand Weapons
 l - a +2 short sword of freezing
 q - a +2 flail of protection (weapon)
 w - a +5 trident of flaming
 z - a +0 vorpal hand axe
Missiles
 b - 271 stones (quivered)
 A - 12 poisoned darts
Armour
 a - a +0 robe
 h - a +1 ring mail of cold resistance
 i - a +1 buckler (worn)
 m - a +2 helmet (worn)
 n - a +0 leather armour
 s - the +3 leather armour of Birdsong (worn) {rC+ MR- Stlth+}
   (You found it on level 4 of the Dungeon)

   It protects you from cold.
   It affects your resistance to hostile enchantments.
   It makes you more stealthy.
Jewellery
 c - an uncursed ring of resist corrosion
 d - a ring of wizardry (right hand)
 f - a +6 ring of intelligence (left hand)
 k - a +6 ring of dexterity
 u - a cursed amulet of magic regeneration (around neck)
Wands
 t - a wand of disintegration (13)
 v - a wand of clouds (5)
Scrolls
 e - 3 scrolls of identify
 g - 5 scrolls of fog {unknown}
 j - a scroll of immolation
 o - 3 scrolls of magic mapping {unknown}
 p - a scroll of enchant weapon
 x - a scroll of teleportation {unknown}
 y - a scroll of amnesia {unknown}


   Skills:
 + Level 5.4 Fighting
 - Level 1.5 Dodging
 - Level 2.0 Stealth
 - Level 4.0 Shields
 + Level 7.5 Spellcasting
 + Level 0.6 Conjurations
 + Level 0.7 Hexes
 - Level 8.0 Necromancy


You had 7 spell levels left.
You knew the following spells:

 Your Spells              Type           Power        Failure   Level  Hunger
a - Pain                  Necr           ####         1%          1    N/A
b - Vampiric Draining     Necr           #####.....   1%          3    N/A
c - Animate Dead          Necr           N/A          1%          4    N/A
d - Agony                 Necr           #####...     4%          5    N/A
e - Dazzling Flash        Conj/Hex       ##....       9%          3    N/A

Your spell library contained the following spells:

 Spells                   Type           Power        Failure   Level  Hunger
 Animate Skeleton         Necr           N/A          1%          1    N/A
 Corona                   Hex            ##.....      2%          1    N/A
 Ensorcelled Hibernation  Hex/Ice        ##....       4%          2    N/A
 Confusing Touch          Hex            ##......     9%          3    N/A
 Tukima's Dance           Hex            ##......     9%          3    N/A

Dungeon Overview and Level Annotations

Branches:
Dungeon (7/15)              Sewer (visited)
 Temple: D:4-7

Altars:
Elyvilon
Gozag
Makhleb
Nemelex Xobeh
Okawaru
Qazlal
Wu Jian
Zin

Shops:
D:5 (

Annotations:
D:4 exclusion: troll


Innate Abilities, Weirdness & Mutations

You do not eat or drink.
Your flesh is vulnerable to fire.
You are immune to poison.
Your flesh is cold resistant. (rC+)
You are immune to negative energy. (rN+++)
You are immune to unholy pain and torment.
You can survive without breathing.


Message History

Confirm with . or Enter, or press ? or * to list all spells.
Aiming: Pain (safe; 1% risk of failure)
Press: ? - help, Shift-Dir - straight line, f - swamp worm
Aim: a swamp worm (chance to defeat MR: 89%)
The swamp worm writhes in agony.
The swamp worm closely misses you.
The swamp worm bites you but does no damage.
Casting: Pain (safe; 1% risk of failure)
Confirm with . or Enter, or press ? or * to list all spells.
Aiming: Pain (safe; 1% risk of failure)
Press: ? - help, Shift-Dir - straight line, f/p - swamp worm
Aim: a swamp worm (lightly wounded, chance to defeat MR: 89%)
The swamp worm writhes in agony!
The swamp worm bites you!! x2
* * * LOW HITPOINT WARNING * * *
The swamp worm closely misses you.
As you read the scroll labeled IWNEDW ERHI, it crumbles to dust.
It is a scroll of enchant armour.
Your +0 buckler glows green for a moment.
You block the swamp worm's attack. The swamp worm bites you!
You die...
Your body crumbles into a pile of gold.

###.≈≈≈#≈≈≈#≈≈≈......)..%#
#...≈≈##≈≈≈##≈≈......#####
#...≈≈#≈≈≈≈≈#≈≈.......#
#...≈≈##≈≈=##≈≈.......#
#...≈≈≈#≈≈≈#≈≈≈.......#####
###..≈≈##≈##≈≈............$
####≈≈≈PP≈≈....##########
#≈≈≈w≈≈≈#....#
#.≈≈≈@≈.#....#
#....w..#....#
#######.###.## #.###.####
#>.......# #.....##..#
#####.###.######
#.#...[..... #.#.##.####.


You could see 2 swamp worms.

Vanquished Creatures
  A spriggan (D:7)
  Duvessa (D:7)
  A sky beast (D:5)
  A phantom (D:7)
  4 ogres
  A centaur (D:5)
  A gnoll sergeant (D:6)
  4 bullfrogs
  Dowan (D:7)
  2 crimson imps (D:5)
  4 hounds
  An orc priest (D:6)
  Jessica (D:5)
  2 iguanas
  3 orc wizards
  4 worker ants
  A killer bee zombie (D:5)
  A hound zombie (D:5)
  A hound skeleton (D:4)
  11 gnolls
  9 adders
  5 river rats (D:6)
  An ooze (D:1)
  An adder zombie (D:5)
  5 worms
  A dart slug (D:1)
  3 leopard geckos
  7 orcs
  7 ball pythons
  16 bats
  5 giant cockroaches
  8 goblins
  10 hobgoblins
  20 jackals
  3 quokkas
  7 frilled lizards
  A giant cockroach zombie (D:6)
  A jackal zombie (D:7)
  13 kobolds
  2 leopard gecko skeletons
  A quokka skeleton (D:4)
  11 rats
  A plant (D:7)
184 creatures vanquished.

Vanquished Creatures (others)
  A plant (D:7)
1 creature vanquished.

Grand Total: 185 creatures vanquished

Notes
Turn   | Place    | Note
-------+----------+-------------------------------------------
     0 | D:1      | Apogee the Mummy Necromancer began the quest for the Orb.
     0 | D:1      | Reached XP level 1. HP: 13/13 MP: 4/4
   155 | D:1      | Reached XP level 2. HP: 7/20 MP: 0/6
   539 | D:1      | Reached skill level 1 in Fighting
   710 | D:1      | Reached XP level 3. HP: 11/26 MP: 0/7
  2368 | D:2      | Reached XP level 4. HP: 24/33 MP: 1/10
  3405 | D:3      | Reached skill level 1 in Shields
  3405 | D:3      | Reached XP level 5. HP: 39/39 MP: 7/11
  4231 | D:4      | Noticed a troll
  4261 | D:4      | Reached skill level 5 in Spellcasting
  4632 | D:4      | Noticed an ogre
  4645 | D:4      | Killed an ogre
  4645 | D:4      | Reached XP level 6. HP: 13/47 MP: 0/14
  5169 | D:4      | Found a sparkling altar of Nemelex Xobeh.
  5185 | D:4      | Got an encrusted leather armour
  5261 | D:4      | Found a stormy altar of Qazlal.
  5833 | D:5      | Entered Level 5 of the Dungeon
  5914 | D:5      | Identified the +3 leather armour of Birdsong {rC+ MR-
                  | Stlth+} (You found it on level 4 of the Dungeon)
  5962 | D:5      | Reached XP level 7. HP: 28/54 MP: 9/16
  6532 | D:5      | Found a sparkling altar of Nemelex Xobeh.
  6532 | D:5      | Noticed Jessica
  6538 | D:5      | Killed Jessica
  6538 | D:5      | Reached skill level 5 in Necromancy
  6544 | D:5      | Learned a level 3 spell: Vampiric Draining
  6568 | D:5      | Found Qouc Nypp's Weapon Boutique.
  7050 | D:5      | Learned a level 4 spell: Animate Dead
  7056 | D:5      | Learned a level 5 spell: Agony
  7076 | D:5      | Found an iron altar of Okawaru.
  7379 | D:5      | Found a glowing silver altar of Zin.
  7379 | D:5      | Found an ornate altar of the Wu Jian Council.
  7556 | D:6      | Reached skill level 6 in Necromancy
  7556 | D:6      | Reached XP level 8. HP: 60/60 MP: 13/17
  7612 | D:6      | Found a glowing drain.
  7617 | Sewer    | Entered a sewer
  8508 | D:6      | Reached skill level 7 in Necromancy
  8573 | D:6      | Found an opulent altar of Gozag.
  8581 | D:6      | Became a worshipper of Gozag Ym Sagoz the Greedy
  8707 | D:6      | Found a white marble altar of Elyvilon.
  8713 | D:6      | Found a burning altar of Makhleb.
  8764 | D:6      | Reached skill level 8 in Necromancy
  9271 | D:7      | Noticed Dowan
  9274 | D:7      | Noticed Duvessa
  9278 | D:7      | Killed Dowan
  9296 | D:7      | Killed Duvessa
  9590 | D:7      | Reached skill level 5 in Fighting
  9771 | D:7      | Reached XP level 9. HP: 66/68 MP: 14/20
  9776 | D:7      | Learned a level 3 spell: Dazzling Flash
 10113 | D:7      | Slain by a swamp worm

Illustrated notes

Levels and vault maps discovered:
D:1:      dpeg_arrival_simpleton_c, layout_rooms, serial_forest,
          infiniplex_forest_lined_2, infiniplex_forest_clump_cross,
          infiniplex_forest_lined_room_3, infiniplex_forest_lined_1,
          infiniplex_forest_lined_room_2
D:2:      layout_basic
D:3:      layout_rooms, first_ration, minmay_distorted
D:4:      layout_loops_corners, overflow_temple_1_default,
          chequers_serial_rivers_large_a, grunt_qazlal_sundering
D:5:      layout_layer_cave, marbit_many_paths,
          gammafunk_temple_overflow_elements, serial_shops, shop, minivault_14,
          nemelex_lonely_heart_becter
D:6:      layout_rooms, lemuel_doored_altar, kennysheep_mini_moat,
          lightli_sewer_entry_pipes, grunt_decor_cap, kennysheep_small_circle
D:7:      layout_basic, minmay_temple_entry_sparse_star, the_bakery,
          hex_intersection, worms_lemuel, uniq_crazy_yiuf_cottage, uniq_duvessa

Skill      XL: |  1  2  3  4  5  6  7  8 |
---------------+-------------------------+-----
Spellcasting   | 3 4 5 6 7 |  7.5
Stealth        | 2 |  2.0
Fighting       | 1 2 3 4 5 |  5.4
Shields        | 1 2 4 |  4.0
Necromancy     | 6 8 |  8.0
Dodging        | |  1.5
Conjurations   | |  0.6
Hexes          | |  0.7

Action                   |  1- 3 |  4- 6 |  7- 9 || total
-------------------------+-------+-------+-------++-------
Melee: Unarmed           |    16 |       |       ||    16
       Short sword       |    16 |    44 |       ||    60
       Flail             |       |    11 |   271 ||   282
Throw: Stone             |     9 |     3 |    43 ||    55
 Cast: Pain              |    82 |   133 |   200 ||   415
Invok: Potion Petition   |       |       |     1 ||     1
  Use: Scroll            |       |     9 |     1 ||    10
 Stab: Sleeping          |       |       |     1 ||     1
Armor: Robe              |    23 |     3 |       ||    26
       Ring mail         |       |    32 |       ||    32
       Leather armour    |       |       |   132 ||   132
Dodge: Dodged            |    46 |    36 |   161 ||   243
Block: Buckler           |       |     7 |    68 ||    75

Table legend:
 A = Non-vault XP
 B = Vault XP
 C = Vault XP percentage of total XP
 D = Non-vault monster count
 E = Vault monster count
 F = Vault count percentage of total count
                 A         B        C        D         E       F
            +---------+---------+-------+---------+---------+-------
      Total |    2408 |     624 |  20.6 |     146 |      37 |  20.2
            +---------+---------+-------+---------+---------+-------
        D:1 |      67 |       0 |   0.0 |      29 |       0 |   0.0
        D:2 |      68 |       0 |   0.0 |      24 |       0 |   0.0
        D:3 |     104 |       2 |   1.9 |      25 |       1 |   3.8
        D:4 |     345 |       0 |   0.0 |      20 |       0 |   0.0
        D:5 |     911 |      37 |   3.9 |      22 |       1 |   4.3
        D:6 |     597 |     106 |  15.1 |      21 |      12 |  36.4
        D:7 |     316 |     440 |  58.2 |       5 |       3 |  37.5
      Sewer |       0 |      39 | 100.0 |       0 |      20 | 100.0
            +---------+---------+-------+---------+---------+-------
